 Dungeon Crawl Stone Soup version 0.21.1-1-g345015fe64 (webtiles) character file.

113328 Oravi the Black Belt (level 16, -6/160 HPs)
             Began as a Merfolk Transmuter on Apr 12, 2018.
             Was the Champion of Qazlal.
             Mangled by Donald
             ... wielding a +4 scimitar of flaming
              (33 damage)
             ... on level 4 of the Lair of Beasts on Apr 13, 2018.
             The game lasted 05:12:47 (38214 turns).

Oravi the Black Belt (Merfolk Transmuter)          Turns: 38214, Time: 05:12:48

Health: -6/160     AC: 14    Str: 21    XL:     16   Next: 62%
Magic:  24/24      EV: 22    Int: 27    God:    Qazlal [******]
Gold:   1276       SH:  8    Dex: 20    Spells: 10/25 levels left

rFire    x . .     SeeInvis +     - Unarmed
rCold    + + +     Gourm    +   (shield currently unavailable)
rNeg     + . .     Faith    .   (armour currently unavailable)
rPois    +         Spirit   .   (helmet currently unavailable)
rElec    .         Reflect  .   (cloak currently unavailable)
rCorr    .         Harm     .   (gloves currently unavailable)
MR       +++..     Clarity  +   (boots currently unavailable)
Stlth    +.........             g - amulet of the gourmand
HPRegen  0.36/turn              w - +6 ring of strength
MPRegen  0.19/turn              N - ring "Juso" {rN+ MR+ Int+7}

@: mighty, ice-form, protected from physical damage, very slightly contaminated,
repel missiles
A: large, (change form in water), (swift swim), (stealthy swim), thin skeletal
structure 1, see invisible, agile 1, clarity, clever 1, magic resistance 1,
robust 1, evolution 1, MP-powered wands
a: End Transformation, Upheaval, Elemental Force, Disaster Area, Renounce
Religion


You were on level 4 of the Lair of Beasts.
You worshipped Qazlal.
Qazlal was exalted by your worship.
You were not hungry.
You were a creature of crystalline ice.
You visited 5 branches of the dungeon, and saw 25 of its levels.
You also visited: Sewer.

You collected 2456 gold pieces.
You spent 1180 gold pieces at shops.

Inventory:

Missiles
 a - 566 arrows
Armour
 s - a +2 ring mail of cold resistance
 t - a +2 ring mail of fire resistance
 D - a +1 chain mail of fire resistance
 E - the +0 pair of boots of Ubasegon (melded) {rF++ Int+4 Dex+4 Stlth-}
   (You bought it in a shop on level 2 of the Orcish Mines)

   It affects your intelligence (+4).
   It affects your dexterity (+4).
   It greatly protects you from fire.
   It makes you less stealthy.
 M - the +3 leather armour "Moel" (melded) {Int+6 Slay+2}
   (You took it off an orc priest on level 9 of the Dungeon)

   It affects your intelligence (+6).
   It affects your accuracy and damage with ranged weapons and melee attacks
   (+2).
 P - a +0 cloak (melded)
 W - a +1 hat (melded)
 Y - a +0 leather armour of magic resistance
Magical Staves
 B - an uncursed staff of earth
 R - an uncursed staff of energy (melded)
 X - an uncursed staff of air
Jewellery
 b - an uncursed ring of stealth
 g - an amulet of the gourmand (around neck)
 k - an uncursed ring of ice
 n - the amulet of Jealousy {rN+ Regen+ Dex+3}
   (You found it on level 2 of the Lair of Beasts)

   [amulet of regeneration]

   It affects your dexterity (+3).
   It protects you from negative energy.
   It increases your rate of regeneration.
 p - a +5 ring of dexterity
 w - a +6 ring of strength (left front paw)
 y - an uncursed ring of ice
 A - an uncursed ring of flight
 H - a +3 amulet of reflection
 J - an uncursed ring of poison resistance
 N - the ring "Juso" (right front paw) {rN+ MR+ Int+7}
   (You acquired it on level 2 of the Lair of Beasts)

   [ring of protection from magic]

   It affects your intelligence (+7).
   It protects you from negative energy.
   It affects your resistance to hostile enchantments.
 Q - a +5 ring of intelligence
 U - an uncursed amulet of rage
Wands
 o - a wand of disintegration (55)
 v - a wand of flame (105)
 C - a wand of acid (6)
 K - a wand of paralysis (26)
 L - a wand of digging (32)
 T - a wand of clouds (2)
Scrolls
 h - 12 scrolls of remove curse
 i - a scroll of blinking
 j - 2 scrolls of teleportation
 q - a scroll of fog
 I - 3 scrolls of fear
 S - 3 scrolls of magic mapping
 V - a scroll of identify
Potions
 e - 3 potions of brilliance
 f - 7 potions of curing
 l - 2 potions of resistance
 m - 5 potions of magic
 r - a potion of might
 u - 2 potions of invisibility
 x - a potion of ambrosia
 F - a potion of agility
 O - a potion of haste
 Z - 3 potions of cancellation
Books
 c - a book of Changes

   Spells                             Type                      Level
   a - Beastly Appendage              Transmutation                1
   b - Sticks to Snakes               Transmutation                2
   c - Spider Form                    Transmutation/Poison         3
   d - Ice Form                       Ice/Transmutation            4
   e - Blade Hands                    Transmutation                5
 z - a book of Misfortune

   Spells                             Type                      Level
   a - Confusing Touch                Hexes                        1
   b - Confuse                        Hexes                        3
   c - Gell's Gravitas                Translocation                3
   d - Petrify                        Transmutation/Earth          4
   e - Metabolic Englaciation         Hexes/Ice                    5
   f - Yara's Violent Unravelling     Hexes/Transmutation          5
 G - a book of Air

   Spells                             Type                      Level
   a - Shock                          Conjuration/Air              1
   b - Swiftness                      Charms/Air                   2
   c - Static Discharge               Conjuration/Air              3
   d - Airstrike                      Air                          4
   e - Lightning Bolt                 Conjuration/Air              5
Comestibles
 d - 50 rations


   Skills:
 + Level 10.0 Fighting
 * Level 15.2 Dodging
 + Level 17.2 Unarmed Combat
 * Level 5.3 Spellcasting
 * Level 15.2 Transmutations
 * Level 9.5 Ice Magic
 - Level 10.3 Poison Magic
 * Level 7.9 Invocations
 - Level 0.2 Evocations


You had 10 spell levels left.
You knew the following spells:

 Your Spells              Type           Power        Failure   Level  Hunger
a - Beastly Appendage     Tmut           ######       0%          1    None
b - Sticks to Snakes      Tmut           ######..     1%          2    None
c - Spider Form           Tmut/Pois      ######....   1%          3    #......
d - Ice Form              Ice/Tmut       ######..     1%          4    ###....
e - Blade Hands           Tmut           ######....   1%          5    #####..


Dungeon Overview and Level Annotations

Branches:
Dungeon (15/15)            Temple (1/1) D:6            Lair (6/6) D:9
 Shoals (1/4) Lair:4       Spider (0/4) Lair:3        Slime (0/5) Lair:5
    Orc (2/2) D:9             Elf (0/3) Orc:2        Vaults (0/5) D:13
 Depths (0/5) D:15

Altars:
Ashenzari
Cheibriados
Dithmenos
Elyvilon
Fedhas
Gozag
Hepliaklqana
Kikubaaqudgha
Makhleb
Nemelex Xobeh
Okawaru
Qazlal
Ru
Sif Muna
Trog
Uskayaw
Vehumet
Wu Jian
Xom
Yredelemnul
Zin
The Shining One
Beogh

Shops:
D:4 [   D:5 }   D:6 ((=}   D:13 (   D:14 !   Orc:2 :?[?(

Portals:
Trove: D:11 (give +3 gold dragon scales)

Annotations:
D:7 dig
Lair:4 Donald


Innate Abilities, Weirdness & Mutations

((You revert to your normal form in water.))
((You are very nimble and swift while swimming.))
((You are very stealthy in the water. (Stealth+)))
((You have a pair of small horns on your head.))
((You are partially covered in molten scales. (AC +2)))
You have a somewhat thin skeletal structure. (Dex +2, Stealth)
You have supernaturally acute eyesight. (SInv)
You are agile. (Dex +2)
You possess an exceptional clarity of mind.
Your mind is acute. (Int +2)
You are resistant to hostile enchantments. (MR+)
You are robust. (+10% HP)
You evolve.
You expend magic power (3 MP) to strengthen your wands.


Message History

Donald is moderately wounded.
Donald hits you with a scimitar of flaming!!
You feel more protected from physical attacks.
Donald melts you!
* * * LOW HITPOINT WARNING * * *
You feel better. You block Donald's attack.
Donald hits you with a scimitar of flaming!
* * * LOW HITPOINT WARNING * * *
Donald melts you!
* * * LOW HITPOINT WARNING * * *
You see here a faintly humming buckler.
Blink to where?
Press: ? - help, Dir - move target cursor You are very lightly contaminated with residual magic.
As you read the scroll of blinking, it crumbles to dust.
Donald says, "I'm hungry."
There is a stone staircase leading up here.
Donald is engulfed in freezing vapours.
Donald hits you with a scimitar of flaming!!
You die...

#............##............
##..........P#######.....##
#...........P# ##..###
###.##.##'#### #..##
#######..## #..P# # ##...#
##..#### #..### #P......
##..# ####'#...≈ #..Y#
##......≈≈≈ #..@#
#......≈≈≈≈ ##§##
#.....≈≈≈≈≈ #..#
##....≈≈≈≈≈ ##.##
#.....≈≈≈≈≈ ###..#
##.#..≈≈≈.. #....#
#####..... #P...# #.#....
##).### ##########...


You could see Donald.

Vanquished Creatures
  Saint Roka (Orc:2)
  Gastronok (D:11)
  Kirke (Lair:3)
  An emperor scorpion (D:15)
  A stone giant (Orc:1)
  6 dire elephants (Lair:6)
  The ghost of DwarfAlpaca the Arsonist, a journeyman OpFE of Qazlal (D:12)
  Snorg (Lair:4)
  7 hydras
  A vault guard (D:11)
  Fannar (Lair:3)
  Erolcha (Orc:2)
  The ghost of Xenomina the Fighter, a novice DrBe of Trog (Lair:1)
  10 two-headed ogres
  Erica (Lair:1)
  The ghost of eLGassi the Cleaver, a novice MiBe of Trog (Lair:1)
  7 centaur warriors
  An ogre mage (Orc:2)
  7 death yaks
  An anaconda (Lair:6)
  2 tengu warriors (D:14)
  An orc high priest (Orc:1)
  Nergalle (Lair:3)
  Urug (D:11)
  A deep troll (D:15)
  4 unseen horrors
  A deep elf archer (D:15)
  Pikel (D:6)
  A necromancer (D:13)
  A wolf spider (D:15)
  3 orc knights (Orc:1)
  5 deep elf magi
  10 orc sorcerers
  4 cyclopes
  4 manticores
  Maurice (D:11)
  3 merfolk sirens
  Psyche (D:12)
  6 black mambas
  20 elephants
  9 spiny frogs
  A gargoyle (D:13)
  A spiny frog (shapeshifter) (D:15)
  6 komodo dragons
  A yaktaur (shapeshifter) (D:15)
  2 rime drakes
  A jumping spider (Lair:3)
  7 trolls
  A wind drake (shapeshifter) (D:15)
  5 merfolk
  A harpy skeleton (D:15)
  2 hornets
  5 dream sheep
  9 blink frogs
  Prince Ribbit (D:6)
  14 hippogriffs
  A meliai zombie (D:14)
  11 slime creatures
  The ghost of Xenomina the Skirmisher, an amateur OgBe of Trog (D:4)
  2 centaur simulacra (D:15)
  A redback (shapeshifter) (D:15)
  46 yaks
  11 hogs
  3 wyverns
  2 basilisks
  A human (D:9)
  5 hungry ghosts
  7 vampire mosquitoes
  Edmund (D:5)
  6 wargs
  14 water moccasins
  2 acid dragons
  3 porcupines
  A hornet zombie (D:13)
  A slave (D:6)
  An ice beast (D:10)
  The ghost of keat06 the Skirmisher, an amateur MiFi (D:3)
  3 sky beasts
  2 black bears
  An eye of draining (D:11)
  34 orc warriors
  2 necrophages
  4 phantoms
  6 wolves
  15 ogres
  13 centaurs
  4 crocodiles
  4 big kobolds
  Blork the orc (D:6)
  10 bullfrogs
  6 scorpions
  A wyvern skeleton (D:9)
  6 killer bees (D:10)
  12 wights
  4 howler monkeys
  An electric eel (Lair:5)
  A lava snake (Lair:5)
  4 crimson imps
  4 centaur zombies
  3 bullfrog zombies
  Crazy Yiuf (D:2)
  5 centaur skeletons
  9 hounds
  7 jellies
  20 orc priests
  2 bullfrog skeletons
  39 orc wizards
  Terence (D:2)
  5 iguanas
  4 hell rats (Lair:5)
  11 worker ants
  A hound zombie (D:8)
  A hound skeleton (D:4)
  A worker ant zombie (D:8)
  14 gnolls
  18 adders
  A shadow imp (D:6)
  2 oozes (Lair:5)
  An adder skeleton (D:5)
  2 dart slugs
  6 leopard geckos
  99 orcs
  7 bats
  8 giant cockroaches
  3 goblins (D:1)
  8 hobgoblins
  10 jackals
  25 kobolds
  4 quokkas
  5 ball pythons
  13 frilled lizards
  A giant cockroach zombie (D:6)
  A leopard gecko skeleton (D:5)
  A quokka skeleton (D:8)
  A quokka zombie (D:5)
  5 rats
  A butterfly (Lair:6)
  2 plants (Lair:6)
796 creatures vanquished.

Vanquished Creatures (collateral kills)
  A catoblepas (Lair:6)
  A hippogriff (Lair:6)
  A yak (Lair:6)
  A fungus (Lair:6)
4 creatures vanquished.

Vanquished Creatures (others)
  Sonja (Lair:4)
  An unseen horror (D:14)
  An orc warrior (Orc:1)
  An orc priest (D:6)
  2 orcs
  12 fungi
  21 plants
39 creatures vanquished.

Grand Total: 839 creatures vanquished

Notes
Turn   | Place    | Note
-------+----------+-------------------------------------------
     0 | D:1      | Oravi the Merfolk Transmuter began the quest for the Orb.
     0 | D:1      | Reached XP level 1. HP: 15/15 MP: 3/3
   101 | D:1      | Reached XP level 2. HP: 15/21 MP: 5/5
   450 | D:1      | Reached skill level 4 in Unarmed Combat
   450 | D:1      | Reached XP level 3. HP: 15/26 MP: 4/6
   582 | D:1      | Learned a level 2 spell: Sticks to Snakes
   586 | D:1      | Learned a level 3 spell: Spider Form
   728 | D:1      | You fall through a shaft!
  1230 | D:2      | Reached XP level 4. HP: 32/32 MP: 0/7
  1534 | D:2      | Reached skill level 1 in Poison Magic
  1534 | D:2      | Reached XP level 5. HP: 6/37 MP: 1/8
  1878 | D:2      | Noticed Terence
  1889 | D:2      | Killed Terence
  1964 | D:2      | Found a deep blue altar of Sif Muna.
  2140 | D:2      | Found a runed door.
  2260 | D:3      | Reached skill level 5 in Unarmed Combat
  2348 | D:3      | Found a glowing golden altar of the Shining One.
  2714 | D:3      | Noticed keat06's ghost (amateur MiFi)
  2770 | D:3      | Reached skill level 5 in Transmutations
  2770 | D:3      | Reached XP level 6. HP: 42/43 MP: 3/9
  2779 | D:3      | Found a glowing drain.
  2797 | Sewer    | Entered a sewer
  3754 | D:3      | Found a burning altar of Makhleb.
  3793 | D:3      | Gained mutation: You tend to lose your temper in combat. [potion of mutation]
  3793 | D:3      | Gained mutation: You expend magic power (3 MP) to strengthen your wands. [potion of mutation]
  3793 | D:3      | Gained mutation: Your mind is acute. (Int +2) [potion of mutation]
  3822 | D:4      | Found Vujank's Armour Shoppe.
  3919 | D:4      | Noticed a phantom
  3984 | D:4      | Killed a phantom
  4194 | D:4      | Noticed Xenomina's ghost (amateur OgBe)
  4216 | D:4      | Killed Xenomina's ghost
  4216 | D:4      | Reached XP level 7. HP: 31/48 MP: 2/10
  4339 | D:4      | Found a radiant altar of Vehumet.
  4339 | D:4      | Found a shadowy altar of Dithmenos.
  4502 | D:5      | Entered Level 5 of the Dungeon
  4502 | D:5      | Found Kang's Gadget Boutique.
  4540 | D:5      | Reached skill level 6 in Unarmed Combat
  4753 | D:5      | Got a heavily runed ring mail
  4764 | D:5      | Identified the cursed +0 ring mail of Qib Noh {rC+ rN+ Dex-2} (You found it on level 5 of the Dungeon)
  5026 | D:5      | Reached XP level 8. HP: 54/54 MP: 8/11
  5032 | D:5      | Lost mutation: You expend magic power (3 MP) to strengthen your wands. [potion of mutation]
  5032 | D:5      | Lost mutation: Your mind is acute. (Int +2) [potion of mutation]
  5032 | D:5      | Gained mutation: You have a pair of small horns on your head. [potion of mutation]
  5032 | D:5      | Gained mutation: Your mind is acute. (Int +2) [potion of mutation]
  5399 | D:5      | Reached skill level 7 in Unarmed Combat
  5426 | D:5      | Found an opulent altar of Gozag.
  6085 | D:6      | Lost mutation: You tend to lose your temper in combat. [potion of mutation]
  6085 | D:6      | Gained mutation: You are weak. (Str -2) [potion of mutation]
  6085 | D:6      | Gained mutation: You are robust. (+10% HP) [potion of mutation]
  6085 | D:6      | Gained mutation: You have a somewhat thin skeletal structure. (Dex +2, Stealth) [potion of mutation]
  6085 | D:6      | Gained mutation: You evolve. [potion of mutation]
  6382 | D:6      | Found a staircase to the Ecumenical Temple.
  6617 | D:6      | Noticed Blork the orc
  6620 | D:6      | Found Zuzo's Jewellery Emporium.
  6633 | D:6      | Killed Blork the orc
  6633 | D:6      | Reached skill level 8 in Unarmed Combat
  6667 | D:6      | Reached skill level 5 in Poison Magic
  6690 | D:6      | Noticed Edmund
  6715 | D:5      | Killed Edmund
  6715 | D:5      | Reached skill level 5 in Dodging
  6715 | D:5      | Reached XP level 9. HP: 35/67 MP: 10/12
  6886 | D:6      | Found Goymay's Weapon Shoppe.
  6908 | D:6      | Noticed Prince Ribbit
  6917 | D:6      | Killed Prince Ribbit
  6998 | D:6      | Gained mutation: You expend magic power (3 MP) to strengthen your wands. [evolution]
  7090 | D:6      | Reached skill level 9 in Unarmed Combat
  7227 | D:6      | Found Effuk's Weapon Emporium.
  7276 | D:6      | Found Maunigy's Gadget Shoppe.
  7334 | D:6      | Noticed Pikel
  7347 | D:6      | Killed Pikel
  7618 | Temple   | Entered the Ecumenical Temple
  7863 | Temple   | Became a worshipper of Qazlal Stormbringer
  8006 | D:6      | Found a sacrificial altar of Ru.
  8681 | D:8      | Reached skill level 10 in Unarmed Combat
  8750 | D:8      | Reached XP level 10. HP: 77/77 MP: 11/13
  8857 | D:8      | Reached * piety under Qazlal
  8870 | D:8      | Found an iron altar of Okawaru.
  8991 | D:8      | Noticed a two-headed ogre
  9010 | D:8      | Killed a two-headed ogre
  9010 | D:8      | Reached skill level 10 in Transmutations
  9071 | D:8      | Found a runed door.
  9394 | D:8      | Found a runed door.
  9471 | D:8      | Learned a level 4 spell: Ice Form
  9492 | D:9      | Gained mutation: You are agile. (Dex +2) [evolution]
  9506 | D:9      | Reached skill level 11 in Unarmed Combat
  9508 | D:9      | Noticed a two-headed ogre
  9523 | D:9      | Killed a two-headed ogre
  9774 | D:9      | Reached XP level 11. HP: 50/85 MP: 14/14
 10343 | D:9      | Found a staircase to the Orcish Mines.
 10445 | D:9      | Reached skill level 5 in Fighting
 10581 | D:9      | Reached ** piety under Qazlal
 11339 | D:9      | Found a staircase to the Lair.
 11386 | D:9      | Got an encrusted leather armour
 11397 | D:9      | Identified the +3 leather armour "Moel" {Int+6 Slay+2} (You took it off an orc priest on level 9 of the Dungeon)
 11401 | D:9      | Got a brightly glowing scale mail
 11412 | D:9      | Identified the +5 scale mail "Orphas" {rC+ Dex+3} (You took it off an orc priest on level 9 of the Dungeon)
 11445 | D:10     | Entered Level 10 of the Dungeon
 11536 | D:10     | Noticed a two-headed ogre
 11557 | D:10     | Killed a two-headed ogre
 11670 | D:10     | Reached skill level 1 in Ice Magic
 11696 | D:10     | Gained mutation: You are partially covered in molten scales. (AC +2) [evolution]
 11821 | D:10     | Reached skill level 12 in Unarmed Combat
 12610 | D:3      | Killed keat06's ghost
 12673 | D:2      | Noticed Crazy Yiuf
 12677 | D:2      | Killed Crazy Yiuf
 13014 | D:11     | Reached *** piety under Qazlal
 13399 | D:11     | Noticed Maurice
 13408 | D:11     | Killed Maurice
 14109 | D:11     | Found a portal to a secret trove of treasure.
 14257 | D:11     | Noticed a vault guard
 14736 | D:8      | Noticed a two-headed ogre
 14753 | D:8      | Killed a two-headed ogre
 14935 | Lair:1   | Entered Level 1 of the Lair of Beasts
 14935 | Lair:1   | Noticed Xenomina's ghost (novice DrBe)
 14947 | Lair:1   | Reached XP level 12. HP: 63/97 MP: 15/15
 15171 | Lair:1   | Killed Xenomina's ghost
 15357 | Lair:1   | Reached **** piety under Qazlal
 15378 | Lair:1   | Noticed Erica
 15386 | Lair:1   | Killed Erica
 15403 | Lair:1   | Noticed eLGassi's ghost (novice MiBe)
 15423 | Lair:1   | Reached skill level 13 in Unarmed Combat
 15819 | D:11     | Reached skill level 10 in Dodging
 16154 | D:11     | Killed a vault guard
 16204 | D:11     | Noticed Urug
 16229 | D:11     | Killed Urug
 16232 | D:11     | Noticed Gastronok
 16252 | D:11     | Killed Gastronok
 16772 | D:12     | Noticed Psyche
 16777 | D:12     | Killed Psyche
 17236 | D:12     | Noticed DwarfAlpaca's ghost (journeyman OpFE)
 17253 | D:12     | Killed DwarfAlpaca's ghost
 17253 | D:12     | Reached skill level 14 in Unarmed Combat
 17253 | D:12     | Reached XP level 13. HP: 73/106 MP: 4/16
 17504 | D:12     | Reached skill level 1 in Invocations
 18087 | D:13     | Reached skill level 5 in Ice Magic
 18094 | D:13     | Found Gaufiff's Weapon Boutique.
 19436 | D:13     | Found a gate to the Vaults.
 20194 | D:14     | Found a snail-covered altar of Cheibriados.
 20339 | D:14     | Reached ***** piety under Qazlal
 20413 | D:14     | Reached skill level 10 in Poison Magic
 21038 | D:14     | Found Pasarhid's Distillery.
 21422 | Lair:1   | Killed eLGassi's ghost
 21422 | Lair:1   | Reached XP level 14. HP: 116/116 MP: 4/17
 22332 | Lair:2   | Reached skill level 15 in Unarmed Combat
 22505 | Lair:2   | Gained mutation: You have supernaturally acute eyesight. (SInv) [evolution]
 22626 | Lair:2   | Identified a scroll of acquirement
 22629 | Lair:2   | Got a brightly glowing lead ring
 22631 | Lair:2   | Identified the ring "Juso" {rN+ MR+ Int+7} (You acquired it on level 2 of the Lair of Beasts)
 22785 | Lair:2   | Got a flickering bone amulet
 23099 | Lair:3   | Noticed Nergalle
 23107 | Lair:3   | Killed Nergalle
 23181 | Lair:3   | Noticed Fannar
 23189 | Lair:3   | Killed Fannar
 23339 | Lair:3   | Identified the amulet of Jealousy {rN+ Regen+ Dex+3} (You found it on level 2 of the Lair of Beasts)
 23540 | Lair:3   | Found a hole to the Spider Nest.
 24189 | Lair:4   | Noticed Sonja
 24190 | Lair:4   | Noticed Snorg
 24405 | Lair:4   | Killed Snorg
 24408 | Lair:4   | Killed Sonja
 24817 | Lair:4   | Reached skill level 5 in Invocations
 24914 | Lair:4   | Noticed Kirke
 25270 | Lair:4   | Noticed a sphinx
 25276 | Lair:3   | Noticed a sphinx
 25547 | Lair:3   | Killed Kirke
 25616 | Lair:3   | Gained mutation: You possess an exceptional clarity of mind. [evolution]
 25868 | Lair:4   | Found a staircase to the Shoals.
 26570 | Lair:5   | Reached XP level 15. HP: 109/125 MP: 19/19
 26967 | Lair:4   | Reached ****** piety under Qazlal
 26990 | Lair:5   | Reached skill level 16 in Unarmed Combat
 27097 | Lair:5   | Found a staircase to the Slime Pits.
 27695 | Lair:6   | Entered Level 6 of the Lair of Beasts
 27935 | D:6      | Bought a +6 ring of strength for 702 gold pieces
 28305 | Lair:6   | Lost mutation: You are weak. (Str -2) [evolution]
 29959 | Lair:5   | Learned a level 5 spell: Blade Hands
 30506 | Lair:6   | Got a transparent spear
 30822 | D:15     | Entered Level 15 of the Dungeon
 31671 | D:15     | Noticed an emperor scorpion
 31732 | D:14     | Reached XP level 16. HP: 82/134 MP: 20/22
 31962 | D:15     | Reached skill level 10 in Fighting
 33179 | D:15     | Found a staircase to the Depths.
 33509 | Orc:1    | Entered Level 1 of the Orcish Mines
 33509 | Orc:1    | Found a bloodstained altar of Trog.
 33859 | Orc:2    | Entered Level 2 of the Orcish Mines
 34266 | Orc:2    | Noticed Saint Roka
 35197 | Orc:2    | Killed Saint Roka
 35197 | Orc:2    | Reached skill level 15 in Dodging
 35197 | Orc:2    | Reached skill level 17 in Unarmed Combat
 35197 | Orc:2    | Reached skill level 5 in Spellcasting
 35197 | Orc:2    | Reached skill level 15 in Transmutations
 35377 | Orc:2    | Found Irobuiby's Antique Weapon Boutique.
 35603 | Orc:2    | Found a staircase to the Elven Halls.
 35712 | Orc:2    | Found Tiyb's Magic Scroll Emporium.
 35721 | Orc:2    | Found Figim's Book Shoppe.
 35822 | Orc:2    | Found a radiant altar of Vehumet.
 35825 | Orc:2    | Noticed Erolcha
 35836 | Orc:2    | Killed Erolcha
 35842 | Orc:2    | Paralysed by an orc sorcerer for 3 turns
 35892 | Orc:2    | Found an ancient bone altar of Kikubaaqudgha.
 35941 | Orc:2    | Gained mutation: You are resistant to hostile enchantments. (MR+) [evolution]
 35949 | Orc:2    | Found a roughly hewn altar of Beogh.
 35949 | Orc:2    | Found Pogiv's Antique Armour Emporium.
 35950 | Orc:2    | Found Obbibumu's Magic Scroll Shoppe.
 36855 | D:14     | Bought a potion of might for 56 gold pieces
 36855 | D:14     | Bought a potion of curing for 42 gold pieces
 37703 | Orc:2    | Bought a pair of dazzling boots for 380 gold pieces
 37717 | Orc:2    | Identified the cursed +0 pair of boots of Ubasegon {rF++ Int+4 Dex+4 Stlth-} (You bought it in a shop on level 2 of the Orcish Mines)
 37924 | Shoals:1 | Entered Level 1 of the Shoals
 38183 | Shoals:1 | Noticed Donald
 38214 | Lair:4   | Mangled by Donald

Skill      XL: |  1  2  3  4  5  6  7  8  9 10 11 12 13 14 15 16 |
---------------+-------------------------------------------------+-----
Transmutations | 3 4 5 6 7 8 9 10 11 12 13 14 15 | 15.2
Dodging        | 3 4 5 6 8 9 10 12 13 14 15 | 15.2
Unarmed Combat | 4 5 6 8 10 11 12 14 15 16 17 | 17.2
Poison Magic   | 1 3 5 6 7 8 9 10 | 10.3
Fighting       | 3 4 6 7 8 9 10 | 10.0
Ice Magic      | 2 4 6 7 8 9 |  9.5
Invocations    | 3 5 7 |  7.9
Spellcasting   | 3 4 5 |  5.3
Evocations     | |  0.2

Action                   |  1- 3 |  4- 6 |  7- 9 | 10-12 | 13-15 | 16-18 || total
-------------------------+-------+-------+-------+-------+-------+-------++-------
Melee: Unarmed           |    84 |   205 |   314 |   712 |   921 |   291 ||  2527
       Headbutt          |    11 |     4 |     1 |     1 |    11 |       ||    28
       Staff             |       |       |       |     2 |       |       ||     2
       Punch             |       |       |       |       |     1 |       ||     1
 Cast: Beastly Appendage |    15 |     6 |       |       |       |       ||    21
       Spider Form       |     3 |    36 |    49 |    57 |     3 |     1 ||   149
       Sticks to Snakes  |       |     6 |     2 |     1 |    26 |       ||    35
       Ice Form          |       |       |       |     9 |    59 |    20 ||    88
       Blade Hands       |       |       |       |       |     2 |       ||     2
Invok: Upheaval          |       |       |       |     3 |     2 |     2 ||     7
       Elemental Force   |       |       |       |       |     1 |       ||     1
 Abil: End Transformatio |       |       |       |     1 |     3 |       ||     4
Evoke: Wand              |       |       |       |     4 |     1 |       ||     5
  Use: Scroll            |     2 |    12 |     5 |     5 |    20 |     4 ||    48
       Potion            |       |     1 |     2 |     2 |     6 |     4 ||    15
 Stab: Sleeping          |       |     4 |       |       |       |       ||     4
       Distracted        |       |       |     2 |       |       |       ||     2
  Eat: Chunk             |    14 |    11 |    25 |    43 |   109 |    44 ||   246
Armor: Robe              |    16 |     2 |       |       |       |       ||    18
       Skin              |       |    19 |     9 |    19 |   160 |    30 ||   237
       Leather armour    |       |       |       |     3 |     4 |       ||     7
Dodge: Dodged            |    61 |   176 |   275 |   510 |   690 |   260 ||  1972
       Deflected         |       |       |       |     1 |    22 |    10 ||    33
Block: Other             |       |       |       |    94 |   371 |   179 ||   644
       Reflection        |       |       |       |     1 |     8 |    10 ||    19
